 Dungeon Crawl Stone Soup version 0.16-a0-3770-gc215ce9 (console) character file.

99 Kellhus the Conjurer (level 4, 0/24 HPs)
             Began as a Gargoyle Wizard on Jan 24, 2015.
             Slain by an orc
             ... wielding a +0 flail
              (3 damage)
             ... on level 3 of the Dungeon.
             The game lasted 00:03:34 (2479 turns).

Kellhus the Conjurer (Gargoyle Wizard)              Turns: 2479, Time: 00:03:34

Health: 0/24       AC:  5    Str: 11    XL:     4   Next: 72%
Magic:  0/9        EV: 11    Int: 19    God:
Gold:   119        SH:  0    Dex:  8    Spells: 1 memorised, 8 levels left

rFire  . . .     SeeInvis +     (no weapon)
rCold  . . .     Clarity  .     a - +0 robe
rNeg   + . .     SustAb   +     (no shield)
rPois  ∞         Gourm    .     k - +0 hat
rElec  +         Spirit   .     (no cloak)
rCorr  .         Warding  .     (no gloves)
rMut   .         Stasis   .     (no boots)
MR     .....                    (no amulet)
Stlth  ++........               p - ring of sustain abilities
                                h - ring of see invisible

@: not resistant to hostile enchantments, unstealthy
A: negative energy resistance 1, electricity resistance, unbreathing,
petrification resistance, rot immunity, AC +3
a: no special abilities


You were on level 3 of the Dungeon.
You were hungry.

You visited 1 branch of the dungeon, and saw 3 of its levels.

You collected 119 gold pieces.

Inventory:

Armour
 a - a +0 robe (worn)
 b - a +0 hat
 k - a +0 hat (worn)
Jewellery
 h - a ring of see invisible (left hand)
 p - a ring of sustain abilities (right hand)
Scrolls
 e - 2 scrolls of teleportation {unknown}
 f - a scroll of fog {unknown}
 i - a scroll of identify {unknown}
Potions
 g - 3 potions of curing {unknown}
 j - a potion of agility {unknown}
 l - 2 potions of resistance {unknown}
 m - a potion of mutation {unknown}
 o - 2 potions of magic {unknown}
Books
 c - a book of Minor Magic

   Spells                             Type                      Level
   a - Magic Dart                     Conjuration                  1
   b - Blink                          Translocation                2
   c - Call Imp                       Summoning                    2
   d - Repel Missiles                 Charms/Air                   2
   e - Slow                           Hexes                        2
   f - Conjure Flame                  Conjuration/Fire             3
   g - Mephitic Cloud                 Conjuration/Poison/Air       3
Comestibles
 d - 2 bread rations
 n - a meat ration
 q - a chunk of flesh


   Skills:
 - Level 1.5 Dodging
 - Level 2.1 Stealth
 - Level 3.0 Spellcasting
 + Level 4.8 Conjurations
   Level 0.8 Summonings
   Level 0.8 Translocations


You had 8 spell levels left.
You knew the following spells:

 Your Spells              Type           Power        Failure   Level  Hunger
a - Magic Dart            Conj           ###.         1%          1    None


Dungeon Overview and Level Annotations

Branches:
Dungeon (3/15)

Altars:
Gozag


Innate Abilities, Weirdness & Mutations

You are resistant to torment.
You are immune to poison.
Your stone body is very resilient (AC +3).
You resist negative energy.
You are resistant to electric shocks.
You can survive without breathing.
You are immune to petrification.
You are immune to rotting.


Message History

Confirm with . or Enter, or press ? or * to list all spells.
You don't have enough magic to cast that spell.
You see here a ring mail.
Casting: Magic Dart
Confirm with . or Enter, or press ? or * to list all spells.
Aiming: Magic Dart
Press: ? - help, Shift-Dir - straight line, f/p - orc
Aim: an orc, wielding a flail and wearing a chain mail (heavily wounded)
The magic dart hits the orc.
The orc is heavily wounded.
The orc hits you but does no damage.
Casting: Magic Dart
Confirm with . or Enter, or press ? or * to list all spells.
Aiming: Magic Dart
Press: ? - help, Shift-Dir - straight line, f/p - orc
Aim: an orc, wielding a flail and wearing a chain mail (heavily wounded)
The magic dart hits the orc.
The orc is severely wounded.
The orc hits you with a flail.
You die...

########.##.###### #
#.....##.#.......#
...###.....##.#.#####.#########
.#...........((..............(.
...........##.#)###.#.########.
.(.###.....##.......#.#########
#......##.................
...†###......##........#########
........<......@o..[............
.#####.###....#........#########
#.#......##...........
#.#(####.############# #.# #.#
#.####.# #....#.# #....#.#
#....#.#


You could see an orc.

Vanquished Creatures
  A jelly (D:3)
  An adder (D:2)
  A giant mite (D:2)
  A giant gecko (D:2)
  An ooze (D:3)
  3 orcs (D:3)
  A ball python (D:2)
  6 hobgoblins
  A quokka (D:2)
  6 bats
  3 giant cockroaches
  4 giant newts (D:2)
  6 goblins (D:2)
  9 kobolds
  9 rats
53 creatures vanquished.

Notes
Turn   | Place    | Note
--------------------------------------------------------------
     0 | D:1      | Kellhus, the Gargoyle Wizard, began the quest for the Orb.
     0 | D:1      | Reached XP level 1. HP: 10/10 MP: 4/4
   735 | D:1      | Reached XP level 2. HP: 15/15 MP: 0/6
  1369 | D:2      | Found an opulent altar of Gozag.
  1410 | D:2      | Reached XP level 3. HP: 17/19 MP: 0/7
  1993 | D:3      | Reached skill level 4 in Conjurations
  2033 | D:3      | Reached XP level 4. HP: 18/24 MP: 1/9
  2448 | D:3      | HP: 1/24 [orc/flail (4)]
  2479 | D:3      | Slain by an orc

Action                   |  1- 3 |  4- 6 || total
-------------------------+-------+-------++-------
Melee: Unarmed           |       |    13 ||    13
 Cast: Magic Dart        |    85 |    41 ||   126
  Eat: Chunk             |     3 |     1 ||     4
